AoeStats
← The Chinese are all stupid

Nomad

510138305Analyzed
4v4 RM · 1d ago on Sep 29, 2026· 36m 14s· 8 players
Game mode
Random Map
Map size
231×231
Population
200
Speed
Normal
Resources
Standard
Victory
Conquest
Starting age
Dark Age
Ending age
Imperial Age
RankedLock teamsTeams togetherTeam positionsShared explorationLock speedFull tech treeHidden civsTurbo modeCheats
Victory
Defeat
🇲🇽 Georgians · Mexico
1446
+14
🇨🇱 Berbers · Chile
1439
+14
🇦🇷 Maya · Argentina
1408
+15
🇮🇹 Varangians · Italy
1365
+17
🇹🇷 Sicilians · Türkiye
1458
-17
🇺🇸 Lithuanians · United States
1407
-16
🇨🇳 Koreans · China
1372
-14
🇺🇸 Berbers · United States
1354
-13
The_ Rock
14:08 Feudal Age
15:52 Loom
18:07 Castle Age
16:19 Stone Mining
16:16 Double-Bit Axe
19:52 Fletching
19:48 Fishing Lines
22:50 Bow Saw
25:49 Town Watch
28:15 Wheelbarrow
28:31 Scale Barding Armor
28:37 Horse Collar
31:19 Chain Barding Armor
35:35 Imperial Age
33:17 Gillnets
35:46 Spies/Treason
CumanoBorracho92
5:08 Loom
15:05 Feudal Age
19:15 Fletching
21:28 Castle Age
20:01 Fletching
22:27 Double-Bit Axe
27:00 Town Watch
28:09 Redemption
31:57 Fervor
32:46 Bow Saw
32:21 Horse Collar
33:50 Wheelbarrow
33:16 Town Patrol
37:57 Imperial Age
35:39 Bodkin Arrow
36:27 Hand Cart
36:37 Heavy Plow
Iulo Ascanio2210
7:53 Loom
14:01 Feudal Age
18:02 Castle Age
15:58 Double-Bit Axe
17:34 Fishing Lines
19:02 Bow Saw
25:28 Wheelbarrow
24:46 Gold Mining
26:04 Stone Mining
26:35 Fletching
28:40 Ballistics
28:17 Horse Collar
30:47 Town Watch
31:58 Scale Barding Armor
32:03 Forging
31:58 Heavy Plow
32:36 Husbandry
32:49 Bloodlines
34:50 Bodkin Arrow
36:12 Clinker Construction
36:13 Careening
39:11 Imperial Age
36:57 Hand Cart
felixaleman1010
3:27 Loom
14:23 Feudal Age
14:49 Double-Bit Axe
18:46 Castle Age
17:07 Stone Mining
17:19 Gold Mining
18:35 Fletching
18:45 Padded Archer Armor
20:00 Bodkin Arrow
20:20 Leather Archer Armor
20:30 Bow Saw
20:54 Fishing Lines
27:08 Scale Mail Armor
26:37 Eagle Warrior
27:18 Squires
33:23 Imperial Age
31:37 Wheelbarrow
30:48 Town Watch
31:46 Arson
32:39 Ballistics
32:16 Murder Holes
32:15 Horse Collar
34:03 Forging
34:09 Chain Mail Armor
34:38 Conscription
35:10 Holcans
35:07 Bracer
35:44 Iron Casting
35:11 Bracer
35:42 Ring Archer Armor
Sir Dancealot
The Chinese are all stupid
11:44 Feudal Age
10:07 Loom
18:46 Castle Age
17:22 Stone Mining
chenst2020
Noobis
Connection lost

Rejoining the realm…

Still unreachable

The connection could not be restored.

Session expired

The server has moved on; the page needs a fresh start.